 Dungeon Crawl Stone Soup version 0.28.0-53-g5a82cb258f (webtiles) character file.

Game seed: 6289784757516713506

9 protoss039 the Digger (level 2, 17/21 HPs)
             Began as a Demonspawn Earth Elementalist on June 10, 2022.
             Got out of the dungeon alive.
             The game lasted 00:00:45 (453 turns).

protoss039 the Digger (DsEE)                         Turns: 453, Time: 00:00:46

Health: 17/21      AC:  3    Str:  8    XL:     2   Next: 6%
Magic:  5/5        EV: 11    Int: 16    God:
Gold:   12         SH:  4    Dex: 13    Spells: 4/5 levels left

rFire   . . .      SeeInvis .   b - +0 club
rCold   . . .      Faith    .   (no shield)
rNeg    . . .      Spirit   .   d - +0 leather armour
rPois   .          Reflect  .   (no helmet)
rElec   .          Harm     .   (no cloak)
rCorr   .          Rampage  .   (no gloves)
Will    .....                   (no boots)
Stlth   ++........              (no amulet)
HPRegen 0.07/turn               (no ring)
MPRegen 0.09/turn               (no ring)

@: no status effects
A: condensation shield
a: no special abilities


You escaped.
You visited 1 branch of the dungeon, and saw 1 of its levels.

You collected 12 gold pieces.

Inventory:

Hand Weapons
 b - a +0 club (weapon)
Missiles
 c - 20 stones
Armour
 d - a +0 leather armour (worn)
Scrolls
 e - a scroll of torment {unknown}
Potions
 a - a potion of curing {unknown}
 f - a potion of heal wounds {unknown}


   Skills:
 * Level 1.0 Fighting
 + Level 0.3 Armour
 - Level 1.7 Dodging
 - Level 1.7 Stealth
 + Level 2.1 Spellcasting
 - Level 1.0 Transmutations
 + Level 2.8 Earth Magic


You had 4 spell levels left.
You knew the following spells:

 Your Spells              Type           Power      Damage    Failure   Level
a - Sandblast             Erth           20%        2d7       9%          1

Your spell library contained the following spells:

 Spells                   Type           Power      Damage    Failure   Level
 Passwall                 Tmut/Erth      5%         N/A       21%         2
 Stone Arrow              Conj/Erth      12%        3d7       43%         3
 Petrify                  Tmut/Erth      7%         N/A       78%         4


Dungeon Overview and Level Annotations

Branches:
Dungeon (1/15)

Altars:


Innate Abilities, Weirdness & Mutations

A meltable shield of frost defends you. (SH +4)


Message History

The endoplasm jiggles.
Found a stone staircase leading down.
Casting: Sandblast (safe; 10% risk of failure)
Confirm with . or Enter, or press ? or * to list all spells.
Aiming: Sandblast (safe; 10% risk of failure)
Press: ? - help, Shift-Dir - straight line, f/p - endoplasm
Aim: an endoplasm (98% to hit)
The blast of sand hits the endoplasm!
You kill the endoplasm!
Your Fighting skill increases to level 1!
You have reached level 2!
Your demonic ancestry asserts itself...
Frost condenses into a shield before you.
Casting: Sandblast (safe; 10% risk of failure)
Confirm with . or Enter, or press ? or * to list all spells.
You don't have enough magic to cast this spell.
Unknown command.
Casting: Sandblast (safe; 10% risk of failure)
Confirm with . or Enter, or press ? or * to list all spells.
You don't have enough magic to cast this spell.
Unknown command.
Found a cyan potion.
You see here a cyan potion.
f - a cyan potion
Casting: Sandblast (safe; 10% risk of failure)
Confirm with . or Enter, or press ? or * to list all spells.
Aiming: Sandblast (safe; 10% risk of failure)
Press: ? - help, Shift-Dir - straight line, f - goblin
Aim: a goblin, wielding a +0 dagger (74% to hit)
The blast of sand hits the goblin!
You kill the goblin!
Unknown command.
You see here a +0 dagger.
You see here a bat skeleton.
There is an open door here.
There is an open door here.
There is an open door here.
There is a staircase leading out of the dungeon here.
Are you sure you want to leave the Dungeon?
This will make you lose the game!
You have escaped!

####.########.....#
##.......### ##....#
#...........## ##...#
#....#####....## #...#
...#########...# #.[.# ..
#.......##..####..# .
#..##'##..#...# #..###
#...##.##..# #....( . #..# #
#.@.##.##..# #÷.... . #..# #.
#...##.##..# #..... .##..#
#..#####..#...# #.....
..#..## .
#.......##..####..... ......#
...####.####...# #......
......# #....##'##....##
#..#### ..†...##
#...........## ##..# #.....##
###.......### ##...#
#......#################....#


There were no monsters in sight!

Vanquished Creatures
  A dart slug (D:1)
  An endoplasm (D:1)
  2 goblins (D:1)
  A bat (D:1)
  3 rats (D:1)
8 creatures vanquished.

Notes
Turn   | Place    | Note
-------+----------+-------------------------------------------
     0 | D:1      | protoss039 the Demonspawn Earth Elementalist began the
                  | quest for the Orb.
     0 | D:1      | Reached XP level 1. HP: 13/13 MP: 3/3
   142 | D:1      | Reached skill level 1 in Transmutations
   359 | D:1      | Reached skill level 1 in Fighting
   359 | D:1      | Gained mutation: A meltable shield of frost defends you.
                  | (SH +4) [demonic ancestry]
   359 | D:1      | Reached XP level 2. HP: 10/21 MP: 0/5
   453 | D:$      | Got out of the dungeon alive.

Illustrated notes

Levels and vault maps discovered:
D:1:      dpeg_arrival_concentric_ovals, layout_rooms, minivault_24

Skill      XL: |  1 |
---------------+----+-----
Transmutations | 1 |  1.0
Fighting       | 1 |  1.0
Armour         | |  0.3
Dodging        | |  1.7
Stealth        | |  1.7
Spellcasting   | |  2.1
Earth Magic    | |  2.8

Action                   || total
-------------------------++-------
Melee: Unarmed           ||     7
       Club              ||     4
 Cast: Sandblast         ||    10
 Stab: Distracted        ||     1
       Sleeping          ||     1
Armor: Leather armour    ||     8
Dodge: Dodged            ||     9
